 Dungeon Crawl Stone Soup version 0.20.1-1-g8b1a95d (webtiles) character file.

340 polve the Cleaver (level 6, -2/51 HPs)
             Began as a Hill Orc Berserker on July 29, 2017.
             Was a Priest of Trog.
             Killed from afar by Dowan (20 damage)
             ... with a shard of ice
             ... on level 4 of the Dungeon.
             The game lasted 00:02:12 (3182 turns).

polve the Cleaver (Hill Orc Berserker)              Turns: 3182, Time: 00:02:13

Health: -2/51      AC:  8    Str: 20    XL:     6   Next: 56%
Magic:  6/6        EV: 11    Int:  7    God:    Trog [***...]
Gold:   142        SH:  0    Dex: 12    Spells: 5/5 levels left

rFire    . . .     SeeInvis .   a - +0 hand axe
rCold    . . .     Gourm    .   (no shield)
rNeg     . . .     Faith    .   p - +0 ring mail
rPois    .         Spirit   .   u - +1 helmet
rElec    .         Reflect  .   q - +0 cloak
rCorr    .         Harm     .   (no gloves)
MR       .....                  (no boots)
Stlth    +.........             (no amulet)
Regen    0.2/turn               (no ring)
MPRegen  0.1/turn               (no ring)

@: lethally poisoned (-2 -> -8), berserk cooldown, slowed, glowing, very slow
A: no striking features
a: Berserk, Trog's Hand, Burn Spellbooks, Renounce Religion


You were on level 4 of the Dungeon.
You worshipped Trog.
Trog was most pleased with you.
You were hungry.

You visited 1 branch of the dungeon, and saw 4 of its levels.

You collected 142 gold pieces.

Inventory:

Hand Weapons
 a - a +0 hand axe (weapon)
Armour
 p - a +0 ring mail (worn)
 q - a +0 cloak (worn)
 u - a +1 helmet (worn)
Scrolls
 d - a scroll of enchant armour {unknown}
 g - a scroll of blinking {unknown}
 j - 2 scrolls of enchant weapon {unknown}
 l - a scroll of teleportation {unknown}
 m - a scroll of magic mapping {unknown}
 n - a scroll of amnesia {unknown}
 s - a scroll of remove curse {unknown}
Potions
 e - a potion of heal wounds
 h - a potion of mutation {unknown}
 i - a potion of magic {unknown}
 o - a potion of might {unknown}
 r - a potion of cancellation {unknown}
 t - 2 potions of brilliance {unknown}
Comestibles
 b - a meat ration
 c - 3 bread rations
 f - a royal jelly
 k - 3 fruits
 v - 11 chunks of flesh


   Skills:
 - Level 3.6 Fighting
 + Level 9.4 Axes
 - Level 2.1 Armour
 - Level 1.5 Dodging


You had 5 spell levels left.
You didn't know any spells.

Dungeon Overview and Level Annotations

Branches:
Dungeon (4/15)
 Temple: D:4-7

Altars:
Okawaru

Annotations:
D:4 Dowan


Message History

The shard of ice misses you.
You slash Dowan!
Dowan is severely wounded.
You feel sick. Dowan hits you with a dagger of speed.
* * * LOW HITPOINT WARNING * * *
Dowan drinks a potion.
Dowan is healed!
You hit Dowan.
Dowan is severely wounded.
You feel sick. Dowan casts a spell at you. The stone arrow hits you!
* * * LOW HITPOINT WARNING * * *
Dowan hits you with a dagger of speed.
* * * LOW HITPOINT WARNING * * *
It was a potion of heal wounds.
You feel much better.
You feel sick. Dowan hits you with a dagger of speed.
* * * LOW HITPOINT WARNING * * *
Dowan gestures at you while chanting. The shard of ice hits you!
You die...

.. ##. # #.. .#
#.. #.# #.. ..#
#.. ...##
#..###.....
#..<.).#
#...@e.#
#...††.#
#..........
#..............
#)..........###
..........##.#
##.#.#..?.. ..
#.#.#....# ##


You could see Dowan.

Vanquished Creatures
  Duvessa (D:4)
  An orc wizard (D:3)
  Crazy Yiuf (D:2)
  2 worker ants (D:4)
  Robin (D:3)
  A gnoll (D:1)
  2 adders
  An ooze (D:3)
  2 worms (D:2)
  2 dart slugs (D:1)
  2 leopard geckos (D:2)
  4 orcs (D:3)
  A giant cockroach (D:1)
  19 goblins
  6 hobgoblins
  3 jackals
  9 kobolds
  8 bats
  2 frilled lizards (D:2)
  11 rats
79 creatures vanquished.

Notes
Turn   | Place    | Note
-------+----------+-------------------------------------------
     0 | D:1      | polve the Hill Orc Berserker began the quest for the Orb.
     0 | D:1      | Reached XP level 1. HP: 19/19 MP: 1/1
   197 | D:1      | Reached XP level 2. HP: 15/26 MP: 2/2
   403 | D:1      | Reached skill level 5 in Axes
   652 | D:1      | Reached XP level 3. HP: 30/31 MP: 3/3
  1210 | D:2      | Reached skill level 6 in Axes
  1444 | D:2      | Reached ** piety under Trog
  1525 | D:2      | Reached XP level 4. HP: 25/39 MP: 4/4
  2058 | D:2      | Found an iron altar of Okawaru.
  2175 | D:2      | Found a runed door.
  2386 | D:2      | Noticed Crazy Yiuf
  2392 | D:2      | Killed Crazy Yiuf
  2392 | D:2      | Reached skill level 7 in Axes
  2464 | D:3      | Reached XP level 5. HP: 44/45 MP: 5/5
  2773 | D:3      | Noticed Robin
  2786 | D:3      | Killed Robin
  3025 | D:3      | Reached *** piety under Trog
  3039 | D:3      | Reached skill level 8 in Axes
  3158 | D:4      | Noticed Duvessa
  3161 | D:4      | Noticed Dowan
  3170 | D:4      | Reached XP level 6. HP: 46/51 MP: 6/6
  3179 | D:4      | Killed Duvessa
  3179 | D:4      | Reached skill level 9 in Axes
  3181 | D:4      | HP: 2/51 [Dowan/stone arrow (13)]
  3182 | D:4      | Killed from afar by Dowan

Skill      XL: |  1  2  3  4  5  6 |
---------------+-------------------+-----
Axes           | 5 6 7 8 9 |  9.4
Fighting       | |  3.6
Armour         | |  2.1
Dodging        | |  1.5

Action                   |  1- 3 |  4- 6 || total
-------------------------+-------+-------++-------
Melee: Hand axe          |    90 |   136 ||   226
Invok: Berserk           |     2 |     3 ||     5
  Use: Potion            |       |     1 ||     1
 Stab: Sleeping          |     1 |       ||     1
  Eat: Chunk             |     3 |     8 ||    11
Armor: Animal skin       |    14 |     7 ||    21
       Ring mail         |       |    54 ||    54
Dodge: Dodged            |    53 |    85 ||   138
